 Dungeon Crawl Stone Soup version 0.17-a0-1941-gcc30b76 (webtiles) character file.

21 Ordine the Firebug (level 2, 0/15 HPs)
             Began as a Gargoyle Fire Elementalist on Sept 30, 2015.
             Slain by a bat (1 damage)
             ... on level 1 of the Dungeon.
             The game lasted 00:02:19 (463 turns).

Ordine the Firebug (Gargoyle Fire Elementalist)      Turns: 463, Time: 00:02:19

Health: 0/15       AC:  4    Str: 11    XL:     2   Next: 87%
Magic:  0/5        EV: 12    Int: 15    God:
Gold:   0          SH:  0    Dex: 10    Spells: 1 memorised, 5 levels left

rFire  . . .     SeeInvis .     e - +0 club
rCold  . . .     Clarity  .     a - +0 robe
rNeg   + . .     SustAt   .     (no shield)
rPois  ∞         Gourm    .     (no helmet)
rElec  +         Spirit   .     (no cloak)
rCorr  .         Warding  .     (no gloves)
rMut   .         Stasis   .     (no boots)
MR     .....                    (no amulet)
Stlth  ++........               (no ring)
                                (no ring)

@: not resistant to hostile enchantments, unstealthy
A: negative energy resistance 1, electricity resistance, unbreathing,
petrification resistance, rot immunity, AC +2
a: no special abilities


You were on level 1 of the Dungeon.
You were not hungry.

You visited 1 branch of the dungeon, and saw 1 of its levels.

Inventory:

Hand weapons
 e - a +0 club (weapon)
Armour
 a - a +0 robe (worn)
Scrolls
 g - a scroll of random uselessness
Books
 b - a book of Flames

   Spells                             Type                      Level
   a - Flame Tongue                   Conjuration/Fire             1
   b - Throw Flame                    Conjuration/Fire             2
   c - Conjure Flame                  Conjuration/Fire             3
   d - Inner Flame                    Hexes/Fire                   3
   e - Sticky Flame                   Conjuration/Fire             4
   f - Fireball                       Conjuration/Fire             5
Comestibles
 c - a bread ration
 d - 7 chunks of flesh
 h - a meat ration


   Skills:
 - Level 1.5 Dodging
 - Level 2.1 Stealth
 * Level 2.5 Spellcasting
 + Level 2.0 Conjurations
 + Level 3.2 Fire Magic


You had 5 spell levels left.
You knew the following spells:

 Your Spells              Type           Power        Failure   Level  Hunger
a - Flame Tongue          Conj/Fire      #....        10%         1    #......


Dungeon Overview and Level Annotations

Branches:
Dungeon (1/15)

Altars:


Innate Abilities, Weirdness & Mutations

You are resistant to torment.
Your stone body is resilient (AC +2).
You are immune to poison.
You resist negative energy.
You are resistant to electric shocks.
You can survive without breathing.
You are immune to petrification.
You are immune to rotting.


Message History

The goblin closely misses you. The bat barely misses you.
The giant cockroach bites you but does no damage.
Some of the chunks of flesh in your inventory have rotted away.
Unknown command.
Casting: Flame Tongue
Confirm with . or Enter, or press ? or * to list all spells.
Aiming: Flame Tongue
Press: ? - help, Shift-Dir - straight line, f - goblin
Aim: a goblin, wielding a dagger The flame tongue hits the goblin.
The goblin is heavily wounded.
The bat barely misses you.
The giant cockroach bites you but does no damage.
The goblin hits you but does no damage. The bat completely misses you.
The bat barely misses you. The bat hits you but does no damage.
The giant cockroach barely misses you.
You closely miss the bat. The bat hits you.
You die...

(..###...##.....#.....#.####.###.
#.###.....##÷#.##...#.#.# #.###.
#'##...<.....#.##...#.#.. #.....
#.###.....####..+.......#.####...
...###...## ####...##..#.# #...
....'##.## #...# ..#.####..#
...##.#'# ######...# #.#........
#.####.## #........###..#####.).
### ### ##..ls@b..'....# #.##
#### #....g....##...# #.#
...########.........##.#.#####.##
....................##+#.........
...............÷....#......###.##
......).............#......#.....
...............)....#......+.#...
..........................>######
............#...............


You could see a giant cockroach, a goblin, a bat and a giant newt.

Vanquished Creatures
  An ooze (D:1)
  2 giant geckos (D:1)
  A ball python (D:1)
  A bat (D:1)
  A giant cockroach (D:1)
  A goblin (D:1)
  4 hobgoblins (D:1)
  A giant newt (D:1)
  A rat (D:1)
13 creatures vanquished.

Notes
Turn   | Place    | Note
--------------------------------------------------------------
     0 | D:1      | Ordine the Gargoyle Fire Elementalist began the quest for the Orb.
     0 | D:1      | Reached XP level 1. HP: 10/10 MP: 3/3
   183 | D:1      | Reached XP level 2. HP: 4/15 MP: 0/5
   463 | D:1      | Slain by a bat

Vault maps used:
D:1:      dpeg_arrival_rhombi, monster_avoids_cloud

Action                   || total
-------------------------++-------
Melee: Unarmed           ||    12
       Club              ||    11
 Cast: Flame Tongue      ||    22
  Use: Scroll            ||     2
